 Dungeon Crawl Stone Soup version 0.13.0-19-g8e0b589 (webtiles) character file.

24085 Malachi the Fencer (level 12, -1/91 HPs)
             Began as a Vampire Berserker on Oct 24, 2013.
             Was the Champion of Trog.
             Killed by dispel undead
             ... invoked by Econoterrorist's ghost
              (13 damage)
             ... on Level 3 of the Lair of Beasts.
             The game lasted 00:39:05 (12805 turns).

Malachi the Fencer (Vampire Berserker)             Turns: 12805, Time: 00:39:05

HP  -1/91        AC 23     Str 24      XL: 12   Next: 73%
MP   4/4         EV  6     Int  7 (12) God: Trog [******]
Gold 453         SH  0     Dex 14      Spells:  0 memorised, 11 levels left

Res.Fire  : . . .   See Invis. : +   G - +4 triple sword (antimagic)
Res.Cold  : + . .   Warding    : .   v - +2 orc plate armour
Life Prot.: . . .   Conserve   : .   (no shield)
Res.Poison: .       Res.Corr.  : .   A - +2 wizard hat of an ossuary {rElec rC+ Str+3}
Res.Elec. : +       Clarity    : .   t - +2 cloak "Xirid" {Dex+1 Int+3}
Sust.Abil.: . .     Spirit.Shd : .   (no gloves)
Res.Mut.  : .       Stasis     : .   s - +2 pair of boots
Res.Rott. : .       Flight     : .   N - amulet of faith
Saprovore : . . .                    (no ring)
                                     r - cursed +1 ring of strength

@: regenerating, confused, extremely poisoned, very resistant to hostile
enchantments, extremely unstealthy
A: bottle blood, fangs 3, see invisible, unbreathing
a: Bottle Blood, Burn Spellbooks, Berserk, Trog's Hand, Brothers in Arms,
Renounce Religion


You were on level 3 of the Lair of Beasts.
You worshipped Trog.
Trog was exalted by your worship.
You were full.

You visited 2 branches of the dungeon, and saw 15 of its levels.

You collected 784 gold pieces.
You spent 351 gold pieces at shops.

Inventory:

Hand weapons
 l - a +0,+5 sling of flame
 u - a +0 blowgun
 y - the +6,+2 crossbow of Liexy {speed, +Inv MR++}
   (You found it on level 9 of the Dungeon)

   Attacks with this weapon take half as long, but cause slightly less damage.
   It affects your resistance to hostile enchantments.
   It lets you turn invisible.
 G - a +4,+4 anti-magic triple sword (weapon)
 I - a +0,+0 great sword
 M - a +2,+4 great sword of slicing
 P - a +0,+7 great sword of slicing
Missiles
 m - 16 curare-tipped needles
 E - 30 bolts
Armour
 s - a +2 pair of boots (worn)
 t - the +2 cloak "Xirid" (worn) {Dex+1 Int+3}
   (You bought it in a shop on level 7 of the Dungeon)

   It affects your intelligence (+3).
   It affects your dexterity (+1).
 v - a +2 orcish plate armour (worn)
 w - the -1 robe of Epseojul {rPois MR++ Dex+4}
   (You found it on level 4 of the Dungeon)

   It affects your dexterity (+4).
   It protects you from poison.
   It affects your resistance to hostile enchantments.
 A - the +2 wizard hat of an ossuary (worn) {rElec rC+ Str+3}
   (You bought it in a shop on level 7 of the Dungeon)

   It affects your strength (+3).
   It protects you from cold.
   It insulates you from electricity.
Magical devices
 n - a wand of polymorph (13)
 o - a wand of flame (11)
 C - a wand of hasting (3)
 O - a wand of polymorph (13)
Scrolls
 e - 3 scrolls of fog
 j - 4 scrolls of remove curse
 k - a scroll of blinking
 p - 6 scrolls of teleportation
 x - 4 scrolls of enchant armour
 J - 3 scrolls of identify
 K - a scroll of immolation
Jewellery
 h - an uncursed amulet of stasis
 r - a cursed +1 ring of strength (left hand)
 H - an uncursed ring of invisibility
 N - an amulet of faith (around neck)
Potions
 a - a potion of agility {unknown}
 b - a potion of cure mutation {unknown}
 c - 4 potions of restore abilities
 f - a potion of might
 i - a potion of speed
 q - a potion of invisibility
 z - a potion of degeneration {unknown}
 B - a potion of beneficial mutation {unknown}
 D - a potion of brilliance
 F - a potion of resistance {unknown}
 L - 4 potions of blood


   Skills:
 + Level 8.1 Fighting
 * Level 16.0 Long Blades
 + Level 6.3 Armour
 + Level 9.5 Dodging
 + Level 1.4 Stealth


You had 11 spell levels left.
You didn't know any spells.

Dungeon Overview and Level Annotations

Branches:
Dungeon (12/27)            Temple (0/1) D:7             Orc (0/4) D:9
   Lair (3/8) D:9
  Swamp: Lair:3-6    Shoals: Lair:3-6     Snake: Lair:3-6    Spider: Lair:3-6

Altars:
Ashenzari
Cheibriados
Elyvilon
Fedhas
Makhleb
Nemelex Xobeh
Vehumet
Xom
Zin

Shops:
D:4 +   D:7 +[[+(

Portals:
Ziggurat: D:11 (3510 gp)

Annotations:
D:8 exclusion: oklob sapling
Lair:3 Econoterrorist's ghost, powerful SpEn


Innate Abilities, Weirdness & Mutations

Your natural rate of healing is unusually fast.
You can bottle blood from corpses.
You have razor-sharp teeth.*
You have supernaturally acute eyesight.
You can survive without breathing.*


Message History

You are confused.
Unknown command.
* * * LOW HITPOINT WARNING * * *
You feel very sick.
You feel a little better.
Econoterrorist's ghost hits you but does no damage.
You are more poisoned.
* * * LOW HITPOINT WARNING * * *
You feel extremely sick.
Econoterrorist's ghost hits you but does no damage.
You are more poisoned.
Use which ability? (? or * to list)
You can't do that.
Use which ability? (? or * to list)
You can't do that.
* * * LOW HITPOINT WARNING * * *
You feel very sick.
Econoterrorist's ghost casts a spell at you.
You convulse!
You die...

#.p.............# #
..§#......#.....##.#.
#.§#......P...........
#...............f......
..p....................
#....#.####..........##.
#..#...# #..............
#......####.........f....
#......##PP...p.@........
.............P.....##....
#......#####.....#...#
.......# ##......#....#
...f.... #<#.#..........
.....Y.# #%..#.........
...#...# #............
..#.... ............
Y#..#.#.#.....P.


You could see Econoterrorist's ghost (invisible).

Vanquished Creatures
  2 hydras
  A skeletal warrior (D:12)
  An unseen horror (D:11)
  2 hill giants
  Pikel (D:8)
  Joseph (D:9)
  4 cyclopes
  A black mamba (Lair:2)
  2 spiny frogs
  2 feature mimics
  A fire drake (D:9)
  The ghost of inmateoo the Ducker, an experienced FeMo of Yredelemnul (D:9)
  3 blink frogs
  3 wandering mushrooms (D:8)
  3 wraiths (D:11)
  33 yaks
  3 hippogriffs
  A hungry ghost (D:12)
  Grum (D:8)
  8 wolves
  Edmund (D:8)
  Menkaure (D:7)
  A porcupine (Lair:2)
  A black bear (D:11)
  A slave (D:8)
  3 ice beasts
  9 orc warriors
  4 centaurs
  3 sky beasts
  5 ogres
  4 phantoms
  A big kobold (D:12)
  A crocodile (Lair:2)
  6 giant frogs
  3 water moccasins
  3 giant slugs
  An agate snail (Lair:2)
  2 gnoll sergeants
  A komodo dragon skeleton (D:12)
  A cyclops skeleton (D:12)
  3 eyes of draining
  A troll zombie (D:12)
  A yak zombie (D:11)
  A hippogriff skeleton (D:8)
  A killer bee (D:11)
  4 electric eels (Lair:2)
  5 goliath beetles
  10 wights (D:11)
  A jellyfish (Lair:2)
  10 crimson imps
  6 hounds
  A giant frog skeleton (D:11)
  4 jellies
  12 orc priests
  15 orc wizards
  6 iguanas
  4 scorpions
  5 worker ants
  A sheep (Lair:3)
  Ijyb (D:2)
  A mottled dragon skeleton (D:10)
  A big kobold skeleton (D:10)
  A hound zombie (D:11)
  2 mummies
  23 green rats
  9 adders
  A giant centipede (D:11)
  10 gnolls
  A worm zombie (D:8)
  4 giant mites
  3 worms
  An adder skeleton (D:6)
  2 giant eyeballs
  2 oozes
  67 orcs
  19 bats
  A bat zombie (D:6)
  12 hobgoblins
  16 jackals
  18 kobolds
  8 quokkas
  2 ball pythons
  3 giant cockroaches
  7 giant geckos
  3 giant newts
  15 goblins
  A jackal zombie (D:6)
  3 kobold zombies
  An orc zombie (D:5)
  A quokka skeleton (D:6)
  22 rats
  6 ballistomycetes
484 creatures vanquished.

Vanquished Creatures (collateral kills)
  A blink frog (Lair:3)
  A giant spore (D:8)
2 creatures vanquished.

Vanquished Creatures (others)
  A scorpion (D:8)
  A gnoll (D:7)
  3 jackals (Lair:2)
  3 giant spores
  A fungus (Lair:3)
9 creatures vanquished.

Grand Total: 495 creatures vanquished

Notes
Turn   | Place    | Note
--------------------------------------------------------------
     0 | D:1      | Malachi, the Vampire Berserker, began the quest for the Orb.
     0 | D:1      | Reached XP level 1. HP: 18/18 MP: 1/1
   118 | D:1      | Reached XP level 2. HP: 21/24 MP: 2/2
   282 | D:1      | Acquired Trog's second power
   386 | D:1      | Reached XP level 3. HP: 16/30 MP: 3/3
   752 | D:2      | Noticed Ijyb
   761 | D:2      | Killed Ijyb
  1022 | D:2      | Reached skill level 4 in Long Blades
  1022 | D:2      | Reached XP level 4. HP: 31/36 MP: 4/4
  2044 | D:3      | Reached XP level 5. HP: 37/42 MP: 5/5
  2190 | D:4      | Paralysed by a giant eyeball for 4 turns
  2196 | D:4      | Paralysed by a giant eyeball for 2 turns
  2463 | D:4      | Got a silk robe
  2469 | D:4      | Identified the cursed -1 robe of Epseojul {rPois MR++ Dex+4} (You found it on level 4 of the Dungeon)
  2676 | D:4      | Reached skill level 5 in Long Blades
  2733 | D:4      | Found Miuril's Book Shop.
  2744 | D:4      | Reached XP level 6. HP: 37/48 MP: 6/6
  2928 | D:4      | Acquired Trog's third power
  3093 | D:5      | Entered Level 5 of the Dungeon
  3098 | D:5      | Reached skill level 5 in Dodging
  3152 | D:5      | Reached XP level 7. HP: 47/54 MP: 7/7
  3181 | D:5      | Reached skill level 6 in Dodging
  3708 | D:5      | Reached skill level 7 in Long Blades
  3738 | D:5      | Reached XP level 8. HP: 53/60 MP: 8/8
  4207 | D:6      | Reached skill level 8 in Long Blades
  4482 | D:6      | Found a white marble altar of Elyvilon.
  4612 | D:6      | Found a white marble altar of Elyvilon.
  4612 | D:6      | Found a burning altar of Makhleb.
  4613 | D:6      | Found a shattered altar of Ashenzari.
  4614 | D:6      | Found a radiant altar of Vehumet.
  4616 | D:6      | Found a snail-covered altar of Cheibriados.
  4975 | D:7      | Found Sadaih's Antique Armour Shop.
  4999 | D:7      | Bought an encrusted cloak for 156 gold pieces
  5010 | D:7      | Identified the +2 cloak "Xirid" {Dex+1 Int+3} (You bought it in a shop on level 7 of the Dungeon)
  5093 | D:7      | Reached XP level 9. HP: 63/67 MP: 9/9
  5110 | D:7      | Noticed Menkaure
  5122 | D:7      | Killed Menkaure
  5125 | D:7      | Reached skill level 9 in Long Blades
  5155 | D:7      | Found a staircase to the Ecumenical Temple.
  5191 | D:7      | Found a glowing silver altar of Zin.
  5193 | D:7      | Found Gynuorurau's Armour Shoppe.
  5223 | D:7      | Killed a fountain mimic
  5223 | D:7      | Reached skill level 5 in Fighting
  5289 | D:7      | Bought a crude wizard hat for 195 gold pieces
  5293 | D:7      | Identified the +2 wizard hat of an ossuary {rElec rC+ Str+3} (You bought it in a shop on level 7 of the Dungeon)
  5352 | D:7      | Found Pacoan's Weapon Boutique.
  5410 | D:7      | Found Skoumiu's Book Shop.
  5456 | D:7      | Found Wuecoi's Book Boutique.
  5578 | D:7      | Found a shimmering altar of Xom.
  5694 | D:8      | Noticed Pikel
  5721 | D:8      | Killed Pikel
  5721 | D:8      | Reached skill level 10 in Long Blades
  5847 | D:8      | Found a sparkling altar of Nemelex Xobeh.
  5872 | D:8      | Reached skill level 1 in Stealth
  5886 | D:8      | Reached XP level 10. HP: 45/75 MP: 10/10
  5963 | D:8      | Noticed Grum
  5972 | D:8      | Killed Grum
  6068 | D:8      | Noticed Edmund
  6081 | D:8      | Killed Edmund
  6284 | D:8      | Found a blossoming altar of Fedhas.
  6316 | D:8      | Reached skill level 11 in Long Blades
  6885 | D:9      | Noticed inmateoo's ghost (experienced FeMo)
  6929 | D:9      | Killed inmateoo's ghost
  7041 | D:9      | Found a staircase to the Orcish Mines.
  7084 | D:9      | Noticed Joseph
  7100 | D:9      | Killed Joseph
  7100 | D:9      | Reached skill level 12 in Long Blades
  7186 | D:9      | Found a staircase to the Lair.
  7245 | D:9      | Got a warped crossbow
  7246 | D:9      | Identified the crossbow of Liexy {speed, +Inv MR++} (You found it on level 9 of the Dungeon)
  7670 | D:10     | Entered Level 10 of the Dungeon
  7756 | D:10     | Received a gift from Trog
  8203 | D:10     | Reached XP level 11. HP: 78/81 MP: 3/11
  8760 | D:10     | Noticed a cyclops
  8774 | D:10     | Killed a cyclops
  8844 | D:11     | Noticed a hill giant
  8851 | D:11     | Killed a hill giant
  8851 | D:11     | Reached skill level 13 in Long Blades
  9317 | D:11     | Reached skill level 5 in Armour
  9557 | D:11     | Found a gateway to a ziggurat.
  9635 | D:11     | Noticed an unseen horror
  9640 | D:11     | Killed an unseen horror
  9729 | D:11     | Reached skill level 14 in Long Blades
  9744 | D:11     | Received a gift from Trog
 10181 | D:12     | Noticed a hill giant
 10191 | D:12     | Killed a hill giant
 10340 | D:12     | Noticed a skeletal warrior
 10351 | D:12     | Killed a skeletal warrior
 10556 | D:12     | Reached XP level 12. HP: 66/89 MP: 4/12
 11058 | Lair:1   | Entered Level 1 of the Lair of Beasts
 11068 | Lair:1   | Reached skill level 15 in Long Blades
 11181 | Lair:1   | Received a gift from Trog
 12137 | Lair:2   | Noticed a five-headed hydra
 12148 | Lair:2   | Killed an eight-headed hydra
 12531 | Lair:3   | Noticed Econoterrorist's ghost (powerful SpEn)
 12557 | Lair:3   | HP: 2/91 [Econoterrorist's ghost (5)]
 12708 | Lair:3   | Noticed a five-headed hydra
 12732 | Lair:3   | Killed an eight-headed hydra
 12732 | Lair:3   | Reached skill level 16 in Long Blades
 12734 | Lair:3   | Received a gift from Trog
 12805 | Lair:3   | Killed from afar by Econoterrorist's ghost

Action                   |  1- 3 |  4- 6 |  7- 9 | 10-12 || total
-------------------------+-------+-------+-------+-------++-------
Melee: Falchion          |   150 |   190 |    11 |       ||   351
       Long sword        |       |    26 |       |     5 ||    31
       Great sword       |       |     3 |   352 |   268 ||   623
       Triple sword      |       |       |       |   654 ||   654
Invok: Berserk           |     1 |     4 |     6 |     9 ||    20
       Trog's Hand       |       |       |       |     2 ||     2
       Brothers in Arms  |       |       |       |     1 ||     1
 Abil: Bottle Blood      |       |       |       |     8 ||     8
Evoke: Wand              |       |     1 |       |     2 ||     3
  Use: Potion            |     1 |       |     1 |    11 ||    13
       Scroll            |       |    13 |     7 |    10 ||    30
 Stab: Sleeping          |       |     2 |     3 |       ||     5
